 Dungeon Crawl Stone Soup version 0.17-a0-435-gc4df345 (webtiles) character file.

68 Hanyuu the Digger (level 4, 0/26 HPs)
             Began as a Gargoyle Earth Elementalist on Apr 4, 2015.
             Slain by Ijyb
             ... wielding a +0 short sword
              (1 damage)
             ... on level 2 of the Dungeon.
             The game lasted 00:10:43 (2511 turns).

Hanyuu the Digger (Gargoyle Earth Elementalist)     Turns: 2511, Time: 00:10:43

Health: 0/26       AC:  6    Str: 10 (13) XL:     4   Next: 19%
Magic:  7/7        EV: 16    Int: 15      God:
Gold:   53         SH:  0    Dex: 15      Spells: 2 memorised, 4 levels left

rFire  . . .     SeeInvis .     e - +0 club
rCold  . . .     Clarity  .     q - +0 leather armour
rNeg   + . .     SustAb   .     (no shield)
rPois  ∞         Gourm    .     (no helmet)
rElec  +         Spirit   .     (no cloak)
rCorr  .         Warding  .     (no gloves)
rMut   +         Stasis   .     (no boots)
MR     .....                    l - amulet of resist mutation
Stlth  +++.......               (no ring)
                                (no ring)

@: agile, not resistant to hostile enchantments, fairly stealthy
A: negative energy resistance 1, electricity resistance, unbreathing,
petrification resistance, rot immunity, AC +3
a: no special abilities


You were on level 2 of the Dungeon.
You were near starving.

You visited 1 branch of the dungeon, and saw 2 of its levels.

You collected 53 gold pieces.

Inventory:

Hand weapons
 e - a +0 club (weapon)
Missiles
 b - 70 stones (quivered)
Armour
 c - a +0 robe
 g - a +0 chain mail
 q - a +0 leather armour (worn)
Jewellery
 l - an amulet of resist mutation (around neck)
Scrolls
 f - 2 scrolls of remove curse {unknown}
 h - a scroll of enchant armour {unknown}
 k - a scroll of immolation {unknown}
 r - a scroll of enchant weapon {unknown}
Potions
 p - a potion of mutation
Books
 d - a book of Geomancy

   Spells                             Type                      Level
   a - Sandblast                      Earth                        1
   b - Stoneskin                      Transmutation/Earth          2
   c - Passwall                       Transmutation/Earth          3
   d - Stone Arrow                    Conjuration/Earth            3
   e - Petrify                        Transmutation/Earth          4
   f - Lee's Rapid Deconstruction     Earth                        5
Comestibles
 a - 3 bread rations
 j - a meat ration
 n - a beef jerky


   Skills:
 + Level 2.2 Fighting
 * Level 1.7 Maces & Flails
 + Level 1.9 Armour
 - Level 1.5 Dodging
 - Level 2.1 Stealth
 - Level 2.1 Spellcasting
 - Level 0.7 Transmutations
 - Level 3.6 Earth Magic


You had 4 spell levels left.
You knew the following spells:

 Your Spells              Type           Power        Failure   Level  Hunger
a - Sandblast             Erth           ##....       10%         1    #......
b - Stoneskin             Trmt/Erth      #.......     21%         2    ###....


Dungeon Overview and Level Annotations

Branches:
Dungeon (2/15)

Altars:

Annotations:
D:2 Ijyb


Innate Abilities, Weirdness & Mutations

You are resistant to torment.
Your stone body is resilient (AC +3).
You are immune to poison.
You resist negative energy.
You are resistant to electric shocks.
You can survive without breathing.
You are immune to petrification.
You are immune to rotting.


Message History

You barely miss Ijyb.
Ijyb is heavily wounded.
Ijyb closely misses you.
You completely miss Ijyb.
Ijyb is heavily wounded.
Ijyb barely misses you.
You closely miss Ijyb.
Ijyb is heavily wounded.
Ijyb barely misses you.
You hit Ijyb but do no damage.
Ijyb is heavily wounded.
Ijyb hits you with a short sword.
* * * LOW HITPOINT WARNING * * *
You completely miss Ijyb.
Ijyb is heavily wounded.
Ijyb misses you.
You barely miss Ijyb.
Ijyb is heavily wounded.
Ijyb hits you with a short sword.
You die...

#.
#.#####.#
#.......#
####.##.#
## #.##.#
##.# #.##.#
#...##.##.#
#..#.##.#
###
#)..g#.#
...
##...@.#
#..
##....###
#..#....##
#...<####
......#.##
#### ##


You could see Ijyb.

Vanquished Creatures
  2 adders (D:2)
  2 giant geckos (D:1)
  2 ball pythons
  A giant cockroach (D:2)
  9 goblins
  7 hobgoblins
  2 jackals (D:1)
  9 kobolds
  2 bats
  5 giant newts
  9 rats
50 creatures vanquished.

Notes
Turn   | Place    | Note
--------------------------------------------------------------
     0 | D:1      | Hanyuu, the Gargoyle Earth Elementalist, began the quest for the Orb.
     0 | D:1      | Reached XP level 1. HP: 10/10 MP: 3/3
   401 | D:1      | Reached skill level 1 in Fighting
   401 | D:1      | Reached XP level 2. HP: 14/16 MP: 5/5
   713 | D:1      | Learned a level 2 spell: Stoneskin
   783 | D:1      | Reached XP level 3. HP: 21/21 MP: 3/6
   806 | D:1      | Reached skill level 1 in Armour
  1170 | D:2      | Reached skill level 1 in Maces & Flails
  1355 | D:2      | Noticed Ijyb
  2145 | D:2      | Reached XP level 4. HP: 18/26 MP: 4/7
  2509 | D:2      | HP: 1/26 [Ijyb/short sword (5)]
  2511 | D:2      | Slain by Ijyb

Action                   |  1- 3 |  4- 6 || total
-------------------------+-------+-------++-------
Melee: Club              |   269 |   110 ||   379
       Unarmed           |    13 |       ||    13
 Cast: Sandblast         |    19 |    11 ||    30
       Stoneskin         |     1 |     3 ||     4
  Use: Potion            |       |     4 ||     4
 Stab: Sleeping          |     3 |       ||     3
  Eat: Chunk             |     5 |       ||     5
